[Event "Titled Tuesday Blitz July 05 Late 2022"]
[White "Ambartsumova, Karina"]
[Black "Ladan, Nicholas"]
[WhiteFideId "4166299"]
[BlackFideId "30918855"]
[WhiteElo "2262"]
[BlackElo "2167"]
[Result "1-0"]
[Round "09"]
[TimeControl "180+1"]
[Date "2022.07.06"]
[WhiteClock "0:00:12"]
[BlackClock "0:00:46"]

1. d4 d5 2. Nf3 Nf6 3. c4 e6 4. Nc3 Bb4 5. Qa4+ Nc6 6. e3 O-O 7. Bd2 Re8 8. Qc2 a5 9. a3 Bf8 10. Bd3 dxc4 11. Bxc4 e5 12. dxe5 Nxe5 13. Nxe5 Rxe5 14. O-O-O Bf5 15. Qb3 Bg6 16. e4 Qe8 17. f3 a4 18. Qc2 b5 19. Ba2 b4 20. axb4 a3 21. bxa3 Rxa3 22. Qb2 Ra8 23. Bf4 Re7 24. g4 c5 25. b5 Rb7 26. g5 Nh5 27. Bd6 Bxd6 28. Rxd6 Qe5 29. Rhd1 Qxg5+ 30. Kb1 h6 31. R1d5 Qg1+ 32. Rd1 Qxh2 33. Qxh2 Nf6 34. Rd8+ Rxd8 35. Rxd8+ Kh7 36. Qd6 h5 37. Qxc5 1-0


[Site "https://www.chess.com"]

[Event "Titled Tuesday Blitz July 05 Late 2022"]
[White "Andreikin, Dmitry"]
[Black "Hakobyan, Aram"]
[WhiteFideId "4158814"]
[BlackFideId "13306677"]
[WhiteElo "2736"]
[BlackElo "2557"]
[Result "1-0"]
[Round "09"]
[TimeControl "180+1"]
[Date "2022.07.05"]
[WhiteClock "0:00:05"]
[BlackClock "0:00:04"]

1. d4 Nf6 2. c4 e6 3. Nc3 Bb4 4. Nf3 d5 5. Qa4+ Nc6 6. a3 Bxc3+ 7. bxc3 Ne4 8. e3 Nxc3 9. Qc2 Ne4 10. Bd3 Nd6 11. Nd2 h6 12. O-O Qd7 13. Rb1 O-O 14. a4 b6 15. Ba3 Ba6 16. Rfc1 Ne7 17. c5 Bxd3 18. Qxd3 Ndf5 19. Nf3 h5 20. Ne5 Qd8 21. h3 h4 22. a5 bxa5 23. c6 Re8 24. Qa6 Rb8 25. Rb7 Nd6 26. Rcb1 Nxb7 27. cxb7 f6 28. Bxe7 Qxe7 29. Nc6 Qd6 30. Nxb8 Rxb8 31. Qxa7 c6 32. Qxa5 Kf7 33. Rb6 Qd7 34. Qb4 Kg6 35. Qb1+ Kf7 36. Kf1 Qc7 37. Ke2 Qd7 38. Kd2 Qc7 39. Qb4 Qd7 40. Kc3 Kg6 41. Kb3 Kh6 42. Ka4 Qc7 43. Qb3 Qd8 44. Ra6 Qc7 45. Rb6 c5 46. dxc5 Qxc5 47. Qb4 Qc2+ 48. Kb5 Kg6 49. Ka6 Qa2+ 50. Qa5 Qe2+ 51. Ka7 Qxf2 52. Kxb8 Qg3+ 53. Ka7 Qxe3 54. b8=Q d4 55. Qc5 Qa3+ 56. Qxa3 1-0


[Site "https://www.chess.com"]

[Event "Titled Tuesday Blitz July 05 Late 2022"]
[White "Averjanov, Alexey"]
[Black "Aloma Vidal, Robert"]
[WhiteFideId "14109867"]
[BlackFideId "2260409"]
[WhiteElo "2683"]
[BlackElo "2435"]
[Result "1-0"]
[Round "09"]
[TimeControl "180+1"]
[Date "2022.07.06"]
[WhiteClock "0:00:34"]
[BlackClock "0:00:04"]

1. d4 d5 2. c4 c6 3. e3 Nf6 4. Bd3 dxc4 5. Bxc4 e5 6. Nf3 exd4 7. O-O Bd6 8. exd4 O-O 9. Bg5 Bg4 10. h3 Bh5 11. g4 Bg6 12. Ne5 Bxe5 13. dxe5 Qxd1 14. Rxd1 Ne4 15. Be7 Re8 16. f4 b5 17. Bb3 Na6 18. Bh4 h5 19. f5 Bh7 20. e6 fxe6 21. Bxe6+ Kh8 22. Bd7 Nb4 23. Bxe8 Rxe8 24. Nc3 Nxc3 25. bxc3 Nd5 26. Re1 Rf8 27. Rac1 Nf4 28. Re3 Bg8 29. Bg5 Nd5 30. Re5 Nb6 31. Re7 a5 32. Rc7 Bd5 33. Re1 Nc4 34. Ree7 hxg4 35. Rxg7 Rxf5 36. Bh6 Bg8 37. Rc8 1-0


[Site "https://www.chess.com"]

[Event "Titled Tuesday Blitz July 05 Late 2022"]
[White "Bilych, Olexiy"]
[Black "He, Anthony"]
[WhiteFideId "14156504"]
[BlackFideId "2088215"]
[WhiteElo "2189"]
[BlackElo "2409"]
[Result "0-1"]
[Round "09"]
[TimeControl "180+1"]
[Date "2022.07.05"]
[WhiteClock "0:00:06"]
[BlackClock "0:01:44"]

1. e4 c5 2. Nf3 b6 3. c4 Bb7 4. Nc3 e6 5. d4 cxd4 6. Nxd4 Nc6 7. Nxc6 Bxc6 8. Bd3 Qc7 9. O-O Nf6 10. f4 h5 11. h3 Bc5+ 12. Kh2 h4 13. Qf3 g5 14. Nb5 Qb8 15. b4 Be7 16. Bb2 Rg8 17. Be5 g4 18. hxg4 Nxg4+ 19. Qxg4 Rxg4 20. Bxb8 Rxb8 21. Nxa7 Bxb4 22. Nxc6 dxc6 23. Rab1 Bc5 24. e5 Kd7 25. Be4 Kc7 26. Bf3 Rxf4 27. Bh5 Be3 28. Rxf4 Bxf4+ 29. Kh3 Bxe5 30. Bxf7 Kd6 31. Rd1+ Ke7 32. Bg6 Rg8 33. Be4 c5 34. a4 Bf6 35. Bf3 Rg3+ 36. Kh2 Be5 37. Kh1 h3 38. Rb1 hxg2+ 39. Bxg2 Rc3 40. Rxb6 Rc1+ 41. Bf1 Rxf1+ 42. Kg2 Rc1 43. a5 Rxc4 44. a6 Ra4 45. Kf3 Bc7 46. Rb7 Kd7 47. Rb5 Rxa6 48. Rb1 Rd6 49. Ke4 Rd5 0-1


[Site "https://www.chess.com"]

[Event "Titled Tuesday Blitz July 05 Late 2022"]
[White "Bjelobrk, Igor"]
[Black "Bernal Moro, Luis Javier"]
[WhiteFideId "4300726"]
[BlackFideId "2200236"]
[WhiteElo "2335"]
[BlackElo "2376"]
[Result "1-0"]
[Round "09"]
[TimeControl "180+1"]
[Date "2022.07.06"]
[WhiteClock "0:00:20"]
[BlackClock "0:00:16"]

1. d4 Nf6 2. c4 g6 3. g3 Bg7 4. Bg2 O-O 5. Nc3 d6 6. Nf3 c6 7. O-O Bf5 8. Ng5 e5 9. d5 cxd5 10. Nxd5 Nxd5 11. Bxd5 Nc6 12. Ne4 Nb4 13. Nxd6 Bc2 14. Qd2 Nxd5 15. Qxd5 b6 16. Bd2 Qd7 17. Rac1 Ba4 18. Bb4 Bc6 19. Qd2 Rfd8 20. Rfd1 Qh3 21. f3 e4 22. Qf4 exf3 23. exf3 f5 24. Bc3 Qh6 25. Bxg7 Qxf4 26. gxf4 Kxg7 27. Kf2 Rd7 28. Rd2 Rad8 29. Rcd1 Kf6 30. b4 Ke6 31. c5 bxc5 32. bxc5 Rb8 33. Re1+ Kf6 34. Re3 Re7 35. Ra3 Rb4 36. Kg3 Re3 37. Rxe3 1-0


[Site "https://www.chess.com"]

[Event "Titled Tuesday Blitz July 05 Late 2022"]
[White "Boder, Jan"]
[Black "Domingo Nunez, Alejandro"]
[WhiteFideId "16243226"]
[BlackFideId "22245561"]
[WhiteElo "2064"]
[BlackElo "2222"]
[Result "0-1"]
[Round "09"]
[TimeControl "180+1"]
[Date "2022.07.05"]
[WhiteClock "0:00:01"]
[BlackClock "0:00:44"]

1. b3 d6 2. Bb2 Nd7 3. e3 Ngf6 4. d4 g6 5. c4 Bg7 6. Nc3 O-O 7. Nf3 c5 8. Be2 Rb8 9. O-O a6 10. a4 b6 11. d5 Ne8 12. Qd2 Nc7 13. e4 Ne5 14. Nxe5 Bxe5 15. f4 Bd4+ 16. Kh1 Bd7 17. Rf3 Bg4 18. Rg3 Bxe2 19. Nxe2 Bxb2 20. Qxb2 b5 21. axb5 axb5 22. Qc3 bxc4 23. bxc4 Qd7 24. e5 Qf5 25. Qd3 Qxd3 26. Rxd3 Rb4 27. Rc3 Ra8 28. Rxa8+ Nxa8 29. g3 Nb6 30. Kg1 Nxc4 31. exd6 exd6 32. Kf2 Nb6 33. Rd3 c4 34. Rd4 Rb3 35. f5 Kg7 36. Ke1 g5 37. Kd2 Kf6 38. Kc2 Rf3 39. g4 Rf2 40. Kd1 Rxh2 41. Nc3 h5 42. Re4 hxg4 43. Re8 Kxf5 44. Rb8 Nd7 45. Rd8 Ne5 46. Rxd6 g3 47. Rd8 g2 48. Ne2 Rh1+ 49. Kd2 Ra1 50. Kc3 Re1 51. Ng3+ Kg4 0-1


[Site "https://www.chess.com"]

[Event "Titled Tuesday Blitz July 05 Late 2022"]
[White "Cardoso Cardoso, Jose Gabriel"]
[Black "Melikyan, Gnel"]
[WhiteFideId "4430492"]
[BlackFideId "54109990"]
[WhiteElo "2485"]
[BlackElo "1772"]
[Result "0-1"]
[Round "09"]
[TimeControl "180+1"]
[Date "2022.07.05"]
[WhiteClock "0:00:03"]
[BlackClock "0:00:11"]

1. e4 c5 2. Nf3 Nc6 3. Bc4 g6 4. h4 h5 5. d4 cxd4 6. c3 d3 7. O-O d6 8. Qxd3 Bg7 9. Rd1 Bg4 10. Nbd2 Nf6 11. Re1 O-O 12. Bb3 Nd7 13. Qe3 Qb6 14. Nc4 Qxe3 15. Nxe3 Bxf3 16. gxf3 Nde5 17. Kg2 Bf6 18. Nd5 Bxh4 19. Rh1 Bf6 20. Nxf6+ exf6 21. Bh6 Rfd8 22. Rad1 Kh7 23. Be3 Kg7 24. f4 Ng4 25. Bc1 Nh6 26. f3 Ng8 27. Be3 Nge7 28. Rd2 Rd7 29. Rhd1 Rad8 30. Bc5 Nc8 31. Be3 Na5 32. Bd5 Nc6 33. b4 a6 34. a4 N8e7 35. Bb3 Kf8 36. Bb6 Re8 37. a5 Nc8 38. Bf2 Red8 39. Ba4 Rc7 40. Bh4 Kg7 41. Rd3 Rg8 42. Bf2 g5 43. fxg5 fxg5 44. Rd5 Kf6 45. Rf5+ Kg6 46. Bb3 Ne5 47. Bd4 Ne7 48. Bxe5 Nxf5 49. exf5+ Kxf5 50. Bd4 Kg6 51. Re1 Rgc8 52. Re3 Rc6 53. Bc2+ Kh6 54. Bf5 Rf8 55. Bf6 Rc4 56. Bd4 Rc7 57. Kg3 f6 58. Re6 Kg7 59. Rxd6 Re7 60. f4 h4+ 61. Kg4 gxf4 62. Kxf4 Ref7 63. Be6 Re7 64. Bh3 Re1 65. Rd5 Rh1 66. Bg2 Re1 67. Rg5+ Kf7 68. Rh5 Rg8 69. Bd5+ Kg6 70. Rxh4 Rf1+ 71. Ke3 Re8+ 72. Kd3 Kg5 73. Rh7 Rb8 74. Rg7+ Kf5 75. Bc4 Rf3+ 76. Kc2 Rh3 77. Bd3+ Ke6 78. Rg5 fxg5 79. Bc4+ Kd6 80. Bc5+ Kc7 81. Ba7 Rh2+ 82. Kb3 Rd8 83. Bb6+ Kc8 84. Be6+ Rd7 85. Kc4 Re2 86. Bf5 Re5 87. Bh3 g4 88. Bg2 Re2 89. Bh1 g3 90. Bf3 Rf2 91. Bg4 Rf4+ 0-1


[Site "https://www.chess.com"]

[Event "Titled Tuesday Blitz July 05 Late 2022"]
[White "Curtis, John"]
[Black "Romero Ruscalleda, Josep"]
[WhiteFideId "3200256"]
[BlackFideId "2231859"]
[WhiteElo "2203"]
[BlackElo "2370"]
[Result "0-1"]
[Round "09"]
[TimeControl "180+1"]
[Date "2022.07.06"]
[WhiteClock "0:00:12"]
[BlackClock "0:00:17"]

1. e4 g6 2. d4 Bg7 3. Nf3 d6 4. c4 Bg4 5. Be2 Nc6 6. d5 Bxf3 7. Bxf3 Nd4 8. Nc3 c5 9. Qa4+ Qd7 10. Qxd7+ Kxd7 11. Bd1 f5 12. exf5 gxf5 13. Ne2 e5 14. dxe6+ Nxe6 15. Bc2 Ne7 16. O-O Raf8 17. Rb1 Nc6 18. Ba4 Kc7 19. Bxc6 bxc6 20. Nf4 Nd4 21. Nh5 Rf7 22. Nxg7 Rxg7 23. b3 Rhg8 24. g3 h5 25. Bb2 f4 26. Kh1 fxg3 27. fxg3 Re7 28. Rbd1 Re4 29. Rd2 h4 30. Bxd4 cxd4 31. gxh4 Rxh4 32. b4 c5 33. Rf7+ Kb6 34. a3 Rhg4 35. h3 Rg1+ 36. Kh2 Ra1 37. Rf6 Kc7 38. Rf7+ Kc6 39. b5+ Kb6 40. Rd7 Rg6 41. Rg2 Rxg2+ 42. Kxg2 Ra2+ 43. Kg3 Rxa3+ 44. Kg4 Rc3 45. Rxd6+ Ka5 46. Ra6+ Kb4 47. Rxa7 Kxc4 48. b6 Rb3 49. b7 d3 50. h4 d2 51. Ra1 Rxb7 52. h5 Kd3 53. h6 Ke2 54. Ra2 c4 55. Kg5 c3 56. Kg6 Ke1 57. Ra1+ d1=Q 58. Rxd1+ Kxd1 59. h7 Rxh7 60. Kxh7 c2 61. Kg7 c1=Q 62. Kf7 Qe3 63. Kf6 Qe4 64. Kg5 Ke2 65. Kf6 Qd5 66. Kg6 Kf3 67. Kf6 Kf4 68. Kg6 Qd6+ 69. Kf7 Kf5 70. Ke8 Qc7 71. Kf8 Kf6 72. Kg8 Qg7# 0-1


[Site "https://www.chess.com"]

[Event "Titled Tuesday Blitz July 05 Late 2022"]
[White "Deac, Bogdan-Daniel"]
[Black "Shimanov, Aleksandr"]
[WhiteFideId "1226380"]
[BlackFideId "4198603"]
[WhiteElo "2648"]
[BlackElo "2605"]
[Result "1-0"]
[Round "09"]
[TimeControl "180+1"]
[Date "2022.07.05"]
[WhiteClock "0:00:02"]
[BlackClock "0:00:01"]

1. d4 Nf6 2. Nf3 e6 3. c4 d5 4. Bg5 Be7 5. e3 Nbd7 6. Nc3 h6 7. Bf4 O-O 8. g4 dxc4 9. Bxc4 Nb6 10. Bd3 Nfd5 11. Rg1 c5 12. Nxd5 Nxd5 13. g5 Nxf4 14. exf4 hxg5 15. Nxg5 Bxg5 16. Qh5 f5 17. fxg5 Qxd4 18. O-O-O Bd7 19. Kb1 Qf4 20. Rg3 Be8 21. Qe2 g6 22. h4 Rd8 23. h5 c4 24. hxg6 Bxg6 25. Qxe6+ Kg7 26. Qe7+ Bf7 27. g6 Qxg3 28. fxg3 Rde8 29. Qc5 cxd3 30. gxf7 Rd8 31. Qc3+ 1-0


[Site "https://www.chess.com"]

[Event "Titled Tuesday Blitz July 05 Late 2022"]
[White "Diaz Rosas, Julio Cesar"]
[Black "Novikova, Galina"]
[WhiteFideId "5105099"]
[BlackFideId "4157095"]
[WhiteElo "2278"]
[BlackElo "1863"]
[Result "1-0"]
[Round "09"]
[TimeControl "180+1"]
[Date "2022.07.06"]
[WhiteClock "0:00:06"]
[BlackClock "0:00:01"]

1. d4 Nf6 2. c4 e5 3. dxe5 Ng4 4. Bf4 Nc6 5. Nf3 Bb4+ 6. Nc3 Qe7 7. Qb3 f6 8. exf6 Nxf6 9. e3 O-O 10. Bd3 d6 11. a3 Bxc3+ 12. Qxc3 Bg4 13. Nd2 Nh5 14. Bg3 Ne5 15. Bxe5 dxe5 16. Ne4 Qh4 17. h3 Bf5 18. g3 Qe7 19. c5 Rad8 20. g4 Bxe4 21. Bxe4 Nf6 22. Bg2 c6 23. Rd1 Nd5 24. Qb3 Qf7 25. O-O Kh8 26. Rd3 e4 27. Rd4 Qf6 28. Rxe4 Qg6 29. Re5 Nf6 30. Re1 Rde8 31. Qc3 Nd5 32. Rxe8 Rxe8 33. Qd4 Nf6 34. e4 Qf7 35. e5 Nd5 36. Bxd5 cxd5 37. f4 Qe7 38. f5 Qh4 39. Qf2 Qxh3 40. Qg2 Qd3 41. e6 Qd4+ 42. Kh2 Qxc5 43. Qg3 Qc2+ 44. Kh3 Qxb2 45. Qe5 Qb3+ 46. Re3 Qd1 47. f6 Qh1+ 48. Kg3 Qg1+ 49. Kf4 Qf2+ 50. Rf3 Qd2+ 51. Kg3 Rg8 52. f7 Rf8 53. e7 1-0


[Site "https://www.chess.com"]

[Event "Titled Tuesday Blitz July 05 Late 2022"]
[White "Doluhanova, Evgeniya"]
[Black "Leve, Nitai"]
[WhiteFideId "14112035"]
[BlackFideId "2006898"]
[WhiteElo "2076"]
[BlackElo "2144"]
[Result "1-0"]
[Round "09"]
[TimeControl "180+1"]
[Date "2022.07.06"]
[WhiteClock "0:00:05"]
[BlackClock "0:00:10"]

1. e4 e6 2. d4 d5 3. Bd3 dxe4 4. Bxe4 Nf6 5. Bf3 Nc6 6. Ne2 Be7 7. Be3 O-O 8. c4 Qe8 9. Nbc3 b6 10. O-O Bb7 11. Ng3 a6 12. Qe2 Rd8 13. Rfd1 Rd7 14. h3 Qa8 15. Nh5 Nxh5 16. Bxh5 Bf6 17. d5 exd5 18. Nxd5 Rd6 19. Nxc7 Qd8 20. Rxd6 Qxd6 21. Nd5 Nd4 22. Bxd4 Bxd4 23. Rd1 Be5 24. Nxb6 Bh2+ 25. Kh1 Qc6 26. Nd5 Bd6 27. Bf3 Re8 28. Ne7+ Rxe7 29. Bxc6 Rxe2 30. Rxd6 Bxc6 31. Rxc6 g6 32. Rxa6 Rxb2 33. c5 Rxf2 34. c6 Rc2 35. a4 Kf8 36. a5 Ke7 37. Ra7+ Kd6 38. Rxf7 Kxc6 39. Rxh7 Rc5 40. a6 Ra5 41. a7 Kd6 42. Kh2 Ke6 43. Rb7 Kf6 44. h4 Ra3 45. g3 Kf5 46. Kh3 g5 47. Rb5+ Kf6 48. Rxg5 Rxa7 49. Kg4 Ra4+ 50. Kh5 Ra1 51. g4 Ra8 52. Rg6+ Kf7 53. g5 Ra4 54. Rf6+ Kg7 55. Rg6+ Kh7 56. Rc6 Ra7 57. g6+ Kg7 58. Rc5 Rb7 59. Rf5 Rd7 60. Kg5 Rd6 61. h5 Rd1 62. h6+ Kg8 63. h7+ Kg7 64. Rf7+ Kh8 65. Rf8+ Kg7 66. Rg8# 1-0


[Site "https://www.chess.com"]

[Event "Titled Tuesday Blitz July 05 Late 2022"]
[White "Domingo Nunez, Ruben"]
[Black "Janaszak, Dawid"]
[WhiteFideId "22245570"]
[BlackFideId "1119206"]
[WhiteElo "2373"]
[BlackElo "2199"]
[Result "1/2-1/2"]
[Round "09"]
[TimeControl "180+1"]
[Date "2022.07.05"]
[WhiteClock "0:00:19"]
[BlackClock "0:00:07"]

1. c4 Nf6 2. Nc3 g6 3. g3 Bg7 4. Bg2 O-O 5. b3 c6 6. Bb2 d5 7. Nf3 d4 8. Nb1 d3 9. O-O c5 10. Ne5 dxe2 11. Qxe2 Nbd7 12. Nxd7 Qxd7 13. Nc3 Qf5 14. Qxe7 Qc2 15. Na4 Re8 16. Qxc5 Bf5 17. Bc3 b6 18. Qa3 Rad8 19. Qb2 Qxb2 20. Nxb2 Ne4 21. Bxg7 Kxg7 22. d3 Nc5 23. Rfe1 Bxd3 24. Rxe8 Rxe8 25. b4 Re2 26. bxc5 Rxb2 27. c6 Rc2 28. Rd1 Be2 29. Re1 Bxc4 30. h4 Bb5 31. Re7 Bxc6 32. Rc7 Be4 33. Rxa7 Rc1+ 34. Kh2 Bxg2 35. Kxg2 Rc2 36. Ra6 Rb2 37. Kf3 h5 38. a4 Rb4 39. Ke3 Kf8 40. Kd3 Kg7 41. Kc3 Rb1 42. Kc2 Rb4 43. Kc3 Rb1 44. f4 Rg1 45. Rxb6 Rxg3+ 46. Kb4 Rg4 47. Rc6 Rxh4 48. Rc4 Rh1 49. Kb5 Kf6 50. a5 Rd1 51. a6 Kf5 52. a7 Rd8 53. Kb6 Ra8 54. Kb7 Rxa7+ 55. Kxa7 h4 56. Rc7 Kxf4 57. Rxf7+ Kg4 58. Kb6 h3 59. Kc5 h2 60. Rh7 Kg3 61. Kd4 Kg2 62. Ke4 h1=Q 63. Rxh1 Kxh1 64. Kf4 Kg2 65. Kg5 Kf2 66. Kxg6 1/2-1/2


[Site "https://www.chess.com"]

[Event "Titled Tuesday Blitz July 05 Late 2022"]
[White "Ezat, Mohamed"]
[Black "Ladopoulos, Dimitrios"]
[WhiteFideId "10600906"]
[BlackFideId "4239580"]
[WhiteElo "2386"]
[BlackElo "2195"]
[Result "0-1"]
[Round "09"]
[TimeControl "180+1"]
[Date "2022.07.05"]
[WhiteClock "0:00:19"]
[BlackClock "0:00:08"]

1. d4 e6 2. Nf3 f5 3. Nc3 Bb4 4. Bg5 Nf6 5. Qd3 b6 6. a3 Bxc3+ 7. Qxc3 O-O 8. e3 Bb7 9. Be2 d6 10. O-O Nbd7 11. Qb3 Qe8 12. Bxf6 Rxf6 13. c4 Rh6 14. d5 e5 15. Qa4 a5 16. Ng5 Qe7 17. Ne6 Nf8 18. Nxf8 Kxf8 19. b4 axb4 20. Qxb4 Ra5 21. g3 Rf6 22. Bf3 g6 23. Bg2 Kg7 24. f4 Rf8 25. Qc3 Re8 26. e4 fxe4 27. f5 gxf5 28. Rxf5 Rf8 29. Rxf8 Qxf8 30. Rf1 Qe7 31. Qe3 Bc8 32. Bxe4 Ra8 33. h4 Bd7 34. h5 h6 35. Kh2 Rf8 36. Rxf8 Qxf8 37. g4 Bxg4 38. a4 Qf4+ 39. Qxf4 exf4 40. Kg2 Bxh5 41. Bf3 Bxf3+ 42. Kxf3 Kf6 43. Kxf4 h5 44. Ke4 Kg5 45. c5 h4 46. cxb6 cxb6 47. Kd4 h3 48. Kc4 h2 49. Kb5 h1=Q 50. Kc6 Qa1 51. Kxb6 Qxa4 52. Kc7 Qa3 53. Kd7 Qc5 54. Ke6 Kf4 55. Kf6 Ke4 0-1


[Site "https://www.chess.com"]

[Event "Titled Tuesday Blitz July 05 Late 2022"]
[White "Fajdetic, Hrvoje"]
[Black "Zakarian, David"]
[WhiteFideId "14501945"]
[BlackFideId "13301276"]
[WhiteElo "2172"]
[BlackElo "2416"]
[Result "0-1"]
[Round "09"]
[TimeControl "180+1"]
[Date "2022.07.06"]
[WhiteClock "0:00:03"]
[BlackClock "0:00:10"]

1. b3 c5 2. Bb2 Nc6 3. f4 d5 4. Nf3 a6 5. e3 Nf6 6. Be2 b5 7. O-O Bb7 8. d3 e6 9. Qe1 Qb6 10. Nbd2 Ng4 11. Bd1 c4 12. d4 f5 13. Ng5 Nd8 14. Bxg4 fxg4 15. f5 Be7 16. Qh4 exf5 17. Rxf5 Qg6 18. Re5 Nc6 19. Rxd5 h6 20. Qxg4 Bc8 21. Qf3 hxg5 22. Ne4 Rf8 23. Qg3 Qxe4 24. Rxg5 Bxg5 25. Qxg5 Bf5 26. Ba3 Rf7 27. Rf1 b4 28. Bc1 c3 29. Rf4 Qxc2 30. e4 Qxc1+ 31. Kf2 Qd2+ 32. Kg3 Nxd4 33. Qh5 Ne2+ 0-1


[Site "https://www.chess.com"]

[Event "Titled Tuesday Blitz July 05 Late 2022"]
[White "Gong, Patrick"]
[Black "Barria Santos, Jose Guilherme"]
[WhiteFideId "3222500"]
[BlackFideId "1939300"]
[WhiteElo "2103"]
[BlackElo "2263"]
[Result "1/2-1/2"]
[Round "09"]
[TimeControl "180+1"]
[Date "2022.07.05"]
[WhiteClock "0:00:24"]
[BlackClock "0:00:11"]

1. e4 c6 2. d4 d5 3. Nd2 dxe4 4. Nxe4 Nf6 5. Nxf6+ exf6 6. c3 Bd6 7. Bd3 O-O 8. Qc2 Re8+ 9. Ne2 h5 10. h3 Nd7 11. O-O Nf8 12. Bd2 b5 13. Rae1 Be6 14. f4 h4 15. f5 Bd5 16. Nf4 Bxf4 17. Rxf4 Rxe1+ 18. Bxe1 Qd6 19. Rxh4 Re8 20. Bf2 Nh7 21. Qd1 Ng5 22. Qh5 Kf8 23. Qh8+ Ke7 24. Qxg7 Qb8 25. Rh6 Qd6 26. Bh4 Qf4 27. Qxf6+ Kd7 28. Qd6+ Qxd6 29. Rxd6+ Kxd6 30. Bxg5 Be4 31. Bxe4 Rxe4 32. Kf2 f6 33. Be3 Kd5 34. g4 Re8 35. h4 Ke4 36. h5 Rg8 37. g5 fxg5 38. f6 Kf5 39. Kg3 Rf8 40. d5 Rxf6 41. dxc6 Rxc6 42. Bxa7 Rh6 43. b3 Rxh5 44. a4 bxa4 45. bxa4 g4 46. Bd4 Rh3+ 47. Kg2 Ke4 48. a5 Rh6 49. Bb6 Rh3 50. Bd4 Kd5 51. a6 Kc6 52. a7 Kb7 53. Kf2 Rd3 54. Kg2 Rf3 55. Kh2 Rf5 56. Kg3 Rg5 57. Kf4 Rg8 58. Kg3 Ka8 59. Bb6 Rg6 60. Bd4 Kb7 61. Bc5 Rg5 62. Bd4 Rg6 63. Be3 Rg7 64. Bd4 Rg8 65. Kg2 Re8 66. Kg3 Re4 67. Kg2 Re8 68. Kg3 Rg8 69. Kg2 Kc6 70. Kg3 Kd5 71. Be3 Ke4 72. Bf4 Ra8 73. Bb8 Kd3 74. Kxg4 Kxc3 75. Kf5 Kc4 76. Ke6 Kb5 77. Kd7 Ka6 78. Kc7 Rxa7+ 79. Bxa7 1/2-1/2


[Site "https://www.chess.com"]

[Event "Titled Tuesday Blitz July 05 Late 2022"]
[White "Halkias, Stelios"]
[Black "Fedoseev, Vladimir"]
[WhiteFideId "4201809"]
[BlackFideId "24130737"]
[WhiteElo "2453"]
[BlackElo "2726"]
[Result "0-1"]
[Round "09"]
[TimeControl "180+1"]
[Date "2022.07.05"]
[WhiteClock "0:00:01"]
[BlackClock "0:00:14"]

1. Nf3 d5 2. d4 Nf6 3. c4 e6 4. g3 Bb4+ 5. Nbd2 dxc4 6. a3 Bxd2+ 7. Bxd2 Bd7 8. e3 Bc6 9. Bxc4 Nbd7 10. O-O O-O 11. Be2 Re8 12. Rc1 Bd5 13. Bc3 Ne4 14. Nd2 Nxc3 15. bxc3 c5 16. e4 Bc6 17. f3 Qe7 18. Qb3 Rad8 19. Nc4 b6 20. Rfd1 Kf8 21. Qb2 Rc8 22. Bf1 Ba4 23. Rd2 Red8 24. d5 exd5 25. exd5 b5 26. Na5 Qe3+ 27. Rf2 Ne5 28. Kg2 Rxd5 29. c4 Rd1 30. Rc3 Qd4 31. cxb5 Rd8 32. Nb7 Rd5 33. b6 axb6 34. Re2 Bc6 35. Na5 bxa5 36. Qb8+ Ke7 0-1


[Site "https://www.chess.com"]

[Event "Titled Tuesday Blitz July 05 Late 2022"]
[White "Hansen, Eric"]
[Black "Salem, A.R. Saleh"]
[WhiteFideId "2606771"]
[BlackFideId "9301348"]
[WhiteElo "2568"]
[BlackElo "2679"]
[Result "0-1"]
[Round "09"]
[TimeControl "180+1"]
[Date "2022.07.05"]
[WhiteClock "0:00:44"]
[BlackClock "0:01:32"]

1. e4 c5 2. Nf3 d6 3. d4 cxd4 4. Nxd4 Nf6 5. Nc3 a6 6. Be3 Ng4 7. Bc1 Nf6 8. h3 e6 9. g4 Be7 10. g5 Nfd7 11. Be3 b5 12. a3 Bb7 13. Qd2 Nc6 14. Nxc6 Bxc6 15. f4 O-O 16. Bg2 a5 17. O-O b4 18. Ne2 Nc5 19. Ng3 Qb6 20. axb4 axb4 21. b3 Qb7 22. Qd4 g6 23. Rxa8 Rxa8 24. Rd1 Ra2 25. Rd2 e5 26. fxe5 Ne6 27. Qc4 dxe5 28. Nf5 Ra1+ 29. Kh2 gxf5 30. exf5 Bxg2 31. fxe6 Rh1+ 0-1


[Site "https://www.chess.com"]

[Event "Titled Tuesday Blitz July 05 Late 2022"]
[White "Iliaguev, Nisim"]
[Black "Ibarra Jerez, Jose Carlos"]
[WhiteFideId "2817276"]
[BlackFideId "2226332"]
[WhiteElo "2107"]
[BlackElo "2628"]
[Result "1-0"]
[Round "09"]
[TimeControl "180+1"]
[Date "2022.07.05"]
[WhiteClock "0:00:43"]
[BlackClock "0:00:02"]

1. d4 Nf6 2. g3 g6 3. Bg2 d6 4. e4 Bg7 5. Ne2 O-O 6. O-O e5 7. c3 Nbd7 8. h3 b6 9. Be3 Bb7 10. d5 Nc5 11. Nd2 a5 12. Qc2 Ne8 13. b4 Nd7 14. f4 exf4 15. Bxf4 axb4 16. cxb4 Bxa1 17. Rxa1 Ng7 18. Rc1 Ba6 19. Nd4 Ne5 20. b5 Bc8 21. Qxc7 Nd3 22. Qxd8 Rxd8 23. Rc2 Nxf4 24. gxf4 Nh5 25. Ne2 Bd7 26. Nd4 Nxf4 27. Nc6 Re8 28. Nc4 Nxg2 29. Kxg2 Rxe4 30. Nxb6 Bxh3+ 31. Kxh3 Ra3+ 32. Kg2 Rg4+ 33. Kf2 Rh4 34. Nc4 Rh2+ 35. Ke1 Rxc2 36. Nxa3 Rxa2 37. Nc4 Ra1+ 38. Kd2 Rb1 39. Nxd6 h5 40. Kc2 Ra1 41. b6 Ra8 42. b7 Rf8 43. Nc8 h4 44. b8=Q 1-0


[Site "https://www.chess.com"]

[Event "Titled Tuesday Blitz July 05 Late 2022"]
[White "Janturin, Artur"]
[Black "Bobadilla Viera, Jorge Samuel"]
[WhiteFideId "4130022"]
[BlackFideId "3906353"]
[WhiteElo "2406"]
[BlackElo "2202"]
[Result "0-1"]
[Round "09"]
[TimeControl "180+1"]
[Date "2022.07.06"]
[WhiteClock "0:00:11"]
[BlackClock "0:00:54"]

1. b3 e5 2. Bb2 Nc6 3. e3 d5 4. Bb5 Bd6 5. f4 Qh4+ 6. g3 Qe7 7. Nf3 f6 8. Nc3 Be6 9. f5 Bxf5 10. Nxd5 Qf7 11. Bc4 Be6 12. e4 Nh6 13. O-O O-O 14. Ng5 fxg5 15. Rxf7 Bxf7 16. Ne3 Bc5 17. Kg2 Rad8 18. Qe2 Bxe3 19. dxe3 Bxc4 20. bxc4 Nf7 21. c5 Rd7 22. Rd1 Rfd8 23. Rxd7 Rxd7 24. Bc3 h6 25. Qb5 Nfd8 26. Qc4+ Kf8 27. Kf3 Rf7+ 28. Ke2 Rd7 29. Qb3 Rf7 30. Qb2 Re7 31. Qc1 Ke8 32. Qf1 Ne6 33. Bb2 Rf7 34. Qh3 Ke7 35. Qg4 Rf8 36. h4 Rf6 37. hxg5 hxg5 38. Qh3 Rh6 39. Qf5 g6 40. Qg4 Rh2+ 41. Kd1 Rh7 42. Qf3 Rh2 43. Qf1 a6 44. Qg1 Rh3 45. Qg2 g4 46. Qg1 Ng5 47. Qg2 Nf3 48. c4 Rh2 49. Qf1 Rxb2 50. Qd3 Rd2+ 51. Qxd2 Nxd2 52. Kxd2 Ke6 0-1


[Site "https://www.chess.com"]

[Event "Titled Tuesday Blitz July 05 Late 2022"]
[White "Jaracz, Pawel"]
[Black "Gubajdullin, Alexei"]
[WhiteFideId "1102222"]
[BlackFideId "4141202"]
[WhiteElo "2459"]
[BlackElo "2190"]
[Result "0-1"]
[Round "09"]
[TimeControl "180+1"]
[Date "2022.07.05"]
[WhiteClock "0:00:54"]
[BlackClock "0:01:43"]

1. d4 Nf6 2. c4 g6 3. Nc3 Bg7 4. e4 d6 5. f3 O-O 6. Bg5 Nc6 7. Nge2 a6 8. Rc1 Qd7 9. Ng3 e5 10. dxe5 dxe5 11. Nd5 Nxd5 12. cxd5 Nd4 13. Bc4 b5 14. Bd3 Bb7 15. O-O c6 16. dxc6 Bxc6 17. Rf2 Rac8 18. Rd2 Qb7 19. Ne2 Bd7 20. Rxc8 Rxc8 21. Nxd4 exd4 22. Bh4 Be6 23. b3 a5 24. Bf2 a4 25. bxa4 bxa4 26. Qxa4 Rc1+ 27. Rd1 Bd7 28. Rxc1 Bxa4 29. g3 h5 30. h4 Qb2 31. Rc4 Bb5 32. Rc8+ Kh7 0-1


[Site "https://www.chess.com"]